WCL
SUMTER GAMECOCKS @ SPARTANBURG SPARTANS
06/16/1982
 
TOP OF THE 1ST
Sumter Gamecocks batting - Pitching for Spartanburg Spartans : LHP Michael Bungarz
Pitching: LHP Michael Bungarz
Batting: SHB John Cangelosi 0-0: Called Strike
0-1: Ground out 6-3 (Groundball, 6M, EV 98.8 MPH)
Batting: RHB Johnny Vestal 0-0: Ball
1-0: Ball
2-0: Ball
3-0: Called Strike
3-1: Ground out 4-3 (Groundball, 4, EV 90.0 MPH)
Batting: RHB Randy Washington 0-0: Called Strike
0-1: Ball
1-1: Ball
2-1: Ball
3-1: Called Strike
3-2: Base on Balls
Batting: RHB Kelly Gruber 0-0: Ball
1-0: DOUBLE (Flyball, 78XD, EV 108.1 MPH)
Randy Washington to third
Runner from 3rd tries for Home, SAFE, throw by CF to home
Batting: LHB Mark Gerard 0-0: SINGLE (Groundball, 4MD, EV 107.5 MPH)
Kelly Gruber to third
Runner from 3rd tries for Home, SAFE, throw by CF to home
Mark Gerard to second
Batting: RHB Vaughn Calloway 0-0: Called Strike
0-1: Foul Ball, location: 2F
0-2: Strikes out swinging
Top of the 1st over - 2 runs, 2 hits, 0 errors, 1 left on base; Sumter 2 - Spartanburg 0
BOTTOM OF THE 1ST
Spartanburg Spartans batting - Pitching for Sumter Gamecocks : LHP Daniel Ortega
Pitching: LHP Daniel Ortega
Batting: SHB Michael Vanderburg 0-0: Called Strike
0-1: Ball
1-1: Foul Ball, location: 2F
1-2: Ball
2-2: Ball
3-2: Fly out, F4 (Popup, 4S, EV 68.8 MPH)
Batting: RHB Van Sowards 0-0: Foul Ball, location: 2F
0-1: DOUBLE (Flyball, 89D, EV 91.9 MPH)
Batting: RHB Gib Seibert 0-0: Swinging Strike
0-1: Ball
1-1: Fly out, F9 (Line Drive, 89M, EV 107.5 MPH)
Batting: LHB John Hennell 0-0: Foul Ball, location: 2F
0-1: Fly out, F8 (Line Drive, 8LM, EV 85.0 MPH)
Bottom of the 1st over - 0 runs, 1 hit, 0 errors, 1 left on base; Sumter 2 - Spartanburg 0
TOP OF THE 2ND
Sumter Gamecocks batting - Pitching for Spartanburg Spartans : LHP Michael Bungarz
Batting: RHB Jerry Hidalgo 0-0: Called Strike
0-1: Foul Ball, location: 2F
0-2: Ball
1-2: Ball
2-2: Ball
3-2: Strikes out swinging
Batting: RHB Claude Johnson 0-0: Called Strike
0-1: Swinging Strike
0-2: Ball
1-2: Ball
2-2: Ball
3-2: Base on Balls
Batting: RHB Juan Hernandez 0-0: TRIPLE (Flyball, 78XD, EV 110.0 MPH)
Claude Johnson scores
Batting: SHB John Cangelosi 0-0: Ball
1-0: Foul Ball, location: 2F
1-1: Ball
2-1: Ball
3-1: Foul Ball, location: 2F
3-2: Ground out 6-3 (Groundball, 6M, EV 101.9 MPH)
Juan Hernandez scores
Batting: RHB Johnny Vestal 0-0: Called Strike
0-1: Ball
1-1: Ball
2-1: Foul Ball, location: 2F
2-2: Foul Ball, location: 2F
2-2: Fly out, F7 (Line Drive, 7, EV 91.9 MPH)
Top of the 2nd over - 2 runs, 1 hit, 0 errors, 0 left on base; Sumter 4 - Spartanburg 0
BOTTOM OF THE 2ND
Spartanburg Spartans batting - Pitching for Sumter Gamecocks : LHP Daniel Ortega
Batting: RHB Inocencio Guerrero 0-0: Foul Ball, location: 2F
0-1: Ball
1-1: Ball
2-1: Foul Ball, location: 2F
2-2: Strikes out swinging
Batting: RHB Ron Dillard 0-0: Ground out 6-3 (Groundball, 6, EV 108.8 MPH)
Batting: LHB Warren McReddie 0-0: Called Strike
0-1: Ball
1-1: Fly out, F9 (Flyball, 9D, EV 95.6 MPH)
Bottom of the 2nd over - 0 runs, 0 hits, 0 errors, 0 left on base; Sumter 4 - Spartanburg 0
TOP OF THE 3RD
Sumter Gamecocks batting - Pitching for Spartanburg Spartans : LHP Michael Bungarz
Batting: RHB Randy Washington 0-0: SINGLE (Groundball, 6D, EV 97.5 MPH)
Batting: RHB Kelly Gruber 0-0: Called Strike
0-1: Foul Ball, location: 2F
0-2: Fly out, F8 (Flyball, 8LXD, EV 101.9 MPH)
Batting: LHB Mark Gerard 0-0: Ball
1-0: Called Strike
1-1: Ball
2-1: Ball
3-1: Fly out, F9 (Line Drive, 9, EV 86.9 MPH)
Batting: RHB Vaughn Calloway 0-0: Ball
1-0: Ball
2-0: Called Strike
2-1: Called Strike
2-2: Fielders Choice at 2nd, 5-4 (Groundball, 56, EV 80.6 MPH)
Top of the 3rd over - 0 runs, 1 hit, 0 errors, 1 left on base; Sumter 4 - Spartanburg 0
BOTTOM OF THE 3RD
Spartanburg Spartans batting - Pitching for Sumter Gamecocks : LHP Daniel Ortega
Batting: LHB Ross Kingsley 0-0: Ball
1-0: Ball
2-0: Foul Ball, location: 2F
2-1: Foul Ball, location: 2F
2-2: Foul Ball, location: 2F
2-2: Fly out, F5 (Popup, 56S, EV 81.3 MPH)
Batting: LHB Albert Ortiz 0-0: Called Strike
0-1: Ball
1-1: Swinging Strike
1-2: Foul Ball, location: 2F
1-2: Foul Ball, location: 2F
1-2: Foul Ball, location: 2F
1-2: Foul Ball, location: 2F
1-2: Foul Ball, location: 2F
1-2: Fly out, F7 (Flyball, 7LM, EV 88.1 MPH)
Batting: SHB Michael Vanderburg 0-0: Foul Ball, location: 2F
0-1: Foul Ball, location: 2F
0-2: Foul Ball, location: 2F
0-2: Ball
1-2: Ball
2-2: Fly out, F5 (Popup, 25, EV 88.1 MPH)
Bottom of the 3rd over - 0 runs, 0 hits, 0 errors, 0 left on base; Sumter 4 - Spartanburg 0
TOP OF THE 4TH
Sumter Gamecocks batting - Pitching for Spartanburg Spartans : LHP Michael Bungarz
Batting: RHB Jerry Hidalgo 0-0: Foul Ball, location: 2F
0-1: Ball
1-1: Fly out, F8 (Line Drive, 8RM, EV 91.3 MPH)
Batting: RHB Claude Johnson 0-0: Foul Ball, location: 2F
0-1: Called Strike
0-2: Ball
1-2: Ball
2-2: Ground out 3-1 (Groundball, 34S, EV 79.4 MPH)
Batting: RHB Juan Hernandez 0-0: Foul Ball, location: 2F
0-1: Ground out 6-3 (Groundball, 6, EV 82.5 MPH)
Top of the 4th over - 0 runs, 0 hits, 0 errors, 0 left on base; Sumter 4 - Spartanburg 0
BOTTOM OF THE 4TH
Spartanburg Spartans batting - Pitching for Sumter Gamecocks : LHP Daniel Ortega
Batting: RHB Van Sowards 0-0: Ground out 3-1 (Groundball, 34, EV 93.1 MPH)
Batting: RHB Gib Seibert 0-0: Ball
1-0: Ground out 6-3 (Groundball, 6, EV 101.3 MPH)
Batting: LHB John Hennell 0-0: Ball
1-0: Fly out, F7 (Flyball, 7LM, EV 100.0 MPH)
Bottom of the 4th over - 0 runs, 0 hits, 0 errors, 0 left on base; Sumter 4 - Spartanburg 0
TOP OF THE 5TH
Sumter Gamecocks batting - Pitching for Spartanburg Spartans : LHP Michael Bungarz
Batting: SHB John Cangelosi 0-0: Ball
1-0: Swinging Strike
1-1: Called Strike
1-2: Ball
2-2: Ground out 1-3 (Groundball, 15S, EV 72.5 MPH)
Batting: RHB Johnny Vestal 0-0: Foul Ball, location: 2F
0-1: Foul Ball, location: 2F
0-2: Ball
1-2: Foul Ball, location: 2F
1-2: Ball
2-2: Foul Ball, location: 2F
2-2: Ball
3-2: Ground out 5-3 (Groundball, 56, EV 104.4 MPH)
Batting: RHB Randy Washington 0-0: Ball
1-0: Ball
2-0: Called Strike
2-1: Ball
3-1: Base on Balls
Batting: RHB Kelly Gruber 0-0: Ball
1-0: Swinging Strike
1-1: Ground out 4-3 (Groundball, 4, EV 85.6 MPH)
Top of the 5th over - 0 runs, 0 hits, 0 errors, 1 left on base; Sumter 4 - Spartanburg 0
BOTTOM OF THE 5TH
Spartanburg Spartans batting - Pitching for Sumter Gamecocks : LHP Daniel Ortega
Batting: RHB Inocencio Guerrero 0-0: Swinging Strike
0-1: Called Strike
0-2: Ball
1-2: Ball
2-2: Ball
3-2: Strikes out swinging
Batting: RHB Ron Dillard 0-0: Called Strike
0-1: Ground out 6-3 (Groundball, 6, EV 96.3 MPH)
Batting: LHB Warren McReddie 0-0: Fly out, F6 (Line Drive, 6, EV 65.6 MPH)
Bottom of the 5th over - 0 runs, 0 hits, 0 errors, 0 left on base; Sumter 4 - Spartanburg 0
TOP OF THE 6TH
Sumter Gamecocks batting - Pitching for Spartanburg Spartans : LHP Michael Bungarz
Batting: LHB Mark Gerard 0-0: Ball
1-0: Ball
2-0: Fly out, F8 (Flyball, 8LXD, EV 95.0 MPH)
Batting: RHB Vaughn Calloway 0-0: Foul Ball, location: 2F
0-1: Called Strike
0-2: Foul Ball, location: 2F
0-2: SINGLE (Groundball, 34D, EV 100.0 MPH)
Pitching: LHP Chuck Cary
Batting: RHB Jerry Hidalgo 0-0: Ground out 5-3 (Groundball, 56S, EV 65.0 MPH)
Vaughn Calloway to second
Batting: RHB Claude Johnson 0-0: Ball
1-0: Ball
2-0: Ground out 4-3 (Groundball, 4MD, EV 103.1 MPH)
Top of the 6th over - 0 runs, 1 hit, 0 errors, 1 left on base; Sumter 4 - Spartanburg 0
BOTTOM OF THE 6TH
Spartanburg Spartans batting - Pitching for Sumter Gamecocks : LHP Daniel Ortega
Batting: LHB Ross Kingsley 0-0: Ball
1-0: Ground out 6-3 (Groundball, 6, EV 100.6 MPH)
Batting: LHB Albert Ortiz 0-0: Ball
1-0: Ground out U3 (Groundball, 3, EV 90.6 MPH)
Batting: SHB Michael Vanderburg 0-0: Fly out, F9 (Flyball, 89D, EV 99.4 MPH)
Bottom of the 6th over - 0 runs, 0 hits, 0 errors, 0 left on base; Sumter 4 - Spartanburg 0
TOP OF THE 7TH
Sumter Gamecocks batting - Pitching for Spartanburg Spartans : LHP Chuck Cary
Batting: RHB Juan Hernandez 0-0: Ball
1-0: Foul Ball, location: 2F
1-1: Ball
2-1: Ball
3-1: Ground out 4-3 (Groundball, 4, EV 88.1 MPH)
Batting: SHB John Cangelosi 0-0: Called Strike
0-1: Ball
1-1: Foul Ball, location: 2F
1-2: Strikes out swinging
Batting: RHB Johnny Vestal 0-0: Ball
1-0: Called Strike
1-1: Swinging Strike
1-2: Strikes out looking
Top of the 7th over - 0 runs, 0 hits, 0 errors, 0 left on base; Sumter 4 - Spartanburg 0
BOTTOM OF THE 7TH
Spartanburg Spartans batting - Pitching for Sumter Gamecocks : LHP Daniel Ortega
Batting: RHB Van Sowards 0-0: Ball
1-0: Foul Ball, location: 2F
1-1: Ground out 4-3 (Groundball, 34, EV 102.5 MPH)
Batting: RHB Gib Seibert 0-0: Foul Ball, location: 2F
0-1: Foul Ball, location: 2F
0-2: Ball
1-2: Strikes out swinging
Batting: LHB John Hennell 0-0: Ball
1-0: Ball
2-0: Ball
3-0: Base on Balls
Batting: RHB Inocencio Guerrero 0-0: Swinging Strike
0-1: Ball
1-1: 2-RUN HOME RUN (Flyball, 7LD, EV 96.3 MPH), Distance : 355 ft
Batting: RHB Ron Dillard 0-0: Ball
1-0: Foul Ball, location: 2F
1-1: Ball
2-1: Ground out 6-3 (Groundball, 6S, EV 65.6 MPH)
Bottom of the 7th over - 2 runs, 1 hit, 0 errors, 0 left on base; Sumter 4 - Spartanburg 2
TOP OF THE 8TH
Sumter Gamecocks batting - Pitching for Spartanburg Spartans : LHP Chuck Cary
Batting: RHB Randy Washington 0-0: Fly out, F9 (Flyball, 9, EV 90.0 MPH)
Batting: RHB Kelly Gruber 0-0: Ground out 6-3 (Groundball, 56, EV 80.0 MPH)
Batting: LHB Mark Gerard 0-0: Ball
1-0: Called Strike
1-1: SOLO HOME RUN (Flyball, 89XD, EV 108.8 MPH), Distance : 385 ft
Batting: RHB Vaughn Calloway 0-0: Called Strike
0-1: Called Strike
0-2: Foul Ball, location: 2F
0-2: Ball
1-2: Strikes out swinging
Top of the 8th over - 1 run, 1 hit, 0 errors, 0 left on base; Sumter 5 - Spartanburg 2
BOTTOM OF THE 8TH
Spartanburg Spartans batting - Pitching for Sumter Gamecocks : LHP Daniel Ortega
Batting: LHB Warren McReddie 0-0: Foul Ball, location: 2F
0-1: Swinging Strike
0-2: Foul Ball, location: 2F
0-2: Ball
1-2: Fly out, F7 (Line Drive, 7, EV 95.0 MPH)
Batting: LHB Ross Kingsley 0-0: Ball
1-0: Fly out, F7 (Flyball, 7LM, EV 90.0 MPH)
Batting: LHB Albert Ortiz 0-0: Called Strike
0-1: Called Strike
0-2: Ball
1-2: Ball
2-2: Ground out U3 (Groundball, 3, EV 101.9 MPH)
Bottom of the 8th over - 0 runs, 0 hits, 0 errors, 0 left on base; Sumter 5 - Spartanburg 2
TOP OF THE 9TH
Sumter Gamecocks batting - Pitching for Spartanburg Spartans : LHP Chuck Cary
Batting: RHB Jerry Hidalgo 0-0: Called Strike
0-1: Swinging Strike
0-2: Ball
1-2: SINGLE (Flyball, 89S, EV 95.0 MPH)
Batting: RHB Claude Johnson 0-0: Ball
1-0: Bunt missed!
1-1: Bunted foul
1-2: Ball
2-2: Ball
3-2: Foul Ball, location: 2F
3-2: Fly out, F9 (Flyball, 9S, EV 88.8 MPH)
Batting: RHB Juan Hernandez 0-0: SINGLE (Groundball, 56S, EV 61.3 MPH) (infield hit)
Jerry Hidalgo to second
Batting: SHB John Cangelosi 0-0: Foul Ball, location: 2F
0-1: Ball
1-1: Ball
2-1: Ball
3-1: Foul Ball, location: 2F
3-2: Foul Ball, location: 2F
3-2: Foul Ball, location: 2F
3-2: Foul Ball, location: 2F
3-2: Foul Ball, location: 2F
3-2: Base on Balls
Jerry Hidalgo to third
Juan Hernandez to second
Batting: RHB Johnny Vestal 0-0: Called Strike
0-1: Ball
1-1: Foul Ball, location: 2F
1-2: Strikes out swinging
Batting: RHB Randy Washington 0-0: Ground out 4-3 (Groundball, 4, EV 89.4 MPH)
Top of the 9th over - 0 runs, 2 hits, 0 errors, 3 left on base; Sumter 5 - Spartanburg 2
BOTTOM OF THE 9TH
Spartanburg Spartans batting - Pitching for Sumter Gamecocks : LHP Daniel Ortega
Batting: SHB Michael Vanderburg 0-0: Called Strike
0-1: Swinging Strike
0-2: Ball
1-2: Strikes out swinging
Batting: RHB Van Sowards 0-0: Ball
1-0: Ball
2-0: Fly out, F3 (Popup, 34S, EV 85.6 MPH)
Batting: RHB Gib Seibert 0-0: Called Strike
0-1: Ball
1-1: Swinging Strike
1-2: Fly out, F9 (Flyball, 9LM, EV 96.9 MPH)
Bottom of the 9th over - 0 runs, 0 hits, 0 errors, 0 left on base; Sumter 5 - Spartanburg 2
Friday, August 7th, 2020 - OOTP Baseball 21.5 Build 76